 Dungeon Crawl Stone Soup version 0.26.0-10-g1f06aea511 (webtiles) character file.

Game seed: 14395519928544074260

18 arta456 the Conjurer (level 2, -3/19 HPs)
             Began as a Human Conjurer on Jan 20, 2021.
             Slain by a hobgoblin
             ... wielding a cursed -3 club
             ... led by Robin
              (4 damage)
             ... on level 1 of the Dungeon.
             The game lasted 00:10:43 (1148 turns).

arta456 the Conjurer (Human Conjurer)               Turns: 1148, Time: 00:10:43

Health: -3/19      AC:  2    Str:  7    XL:     2   Next: 85%
Magic:  4/5        EV: 12    Int: 18    God:
Gold:   27         SH:  0    Dex: 11    Spells: 2/5 levels left

rFire    . . .     SeeInvis .   f - +0 dagger
rCold    . . .     Faith    .   (no shield)
rNeg     . . .     Spirit   .   a - +0 robe
rPois    .         Reflect  .   (no helmet)
rElec    .         Harm     .   (no cloak)
rCorr    .         Rampage  .   (no gloves)
Will     .....                  (no boots)
Stlth    ++........             (no amulet)
HPRegen  0.06/turn              (no ring)
MPRegen  0.09/turn              (no ring)

@: no status effects
A: no striking features
a: no special abilities


You were on level 1 of the Dungeon.
You visited 1 branch of the dungeon, and saw 2 of its levels.

You collected 27 gold pieces.

Inventory:

Hand Weapons
 f - a +0 dagger (weapon)
 i - a +0 club
 j - a +0 club
 k - a +0 dagger
 n - a +0 whip
 p - a cursed -3 club
Missiles
 b - 14 arrows
Armour
 a - a +0 robe (worn)
 e - a +0 ring mail
Jewellery
 m - a cursed -4 ring of evasion {unknown}
Scrolls
 c - a scroll of identify {unknown}
 d - a scroll of enchant weapon {unknown}
 g - a scroll of teleportation
Potions
 h - a potion of heal wounds
 l - a potion of flight


   Skills:
 + Level 0.2 Fighting
 + Level 2.1 Dodging
 + Level 2.1 Stealth
 + Level 2.0 Spellcasting
 + Level 4.5 Conjurations


You had 2 spell levels left.
You knew the following spells:

 Your Spells              Type           Power        Failure   Level
a - Magic Dart            Conj           72%          2%          1
b - Searing Ray           Conj           36%          4%          2

Your spell library contained the following spells:

 Spells                   Type           Power        Failure   Level
 Dazzling Flash           Conj/Hex       20%          22%         3
 Fulminant Prism          Conj/Hex       5%           56%         4
 Iskenderun's Mystic Bla  Conj/Tloc      10%          56%         4


Dungeon Overview and Level Annotations

Branches:
Dungeon (2/15)

Altars:

Annotations:
D:2 Robin


Message History

Robin throws the goblin at you! The goblin closely misses you.
The hobgoblin misses you. The goblin closely misses you. The goblin misses you.
There is a stone staircase leading up, spattered with blood here.
The hobgoblin hits you but does no damage.
The goblin hits you with a +0 club. The goblin hits you with a +0 dagger.
* * * LOW HITPOINT WARNING * * *
The goblin closely misses you. Robin barely misses you.
You climb upwards.
There is a stone staircase leading down here.
Casting: Magic Dart (safe; 2% risk of failure)
Confirm with . or Enter, or press ? or * to list all spells.
Aiming: Magic Dart (safe; 2% risk of failure)
Press: ? - help, Shift-Dir - straight line, f - goblin
Aim: a goblin (0% to evade)
The magic dart hits the goblin.
You kill the goblin!
The goblin hits you with a +0 club.
* * * LOW HITPOINT WARNING * * *
The hobgoblin hits you with a cursed -3 club.
You die...

#..............
#..............
#########..............
#.......#..............
#.......##.#####.......
#......................
######.###.#####.######
#.###.#####.######
#@gg..............
#g#.....###.......
#.#.....# ########
#.#.....# #.#.....###
#.#.....#.########
#.#...............
#.#...............
#.#...............


You could see a hobgoblin and 2 goblins.

Vanquished Creatures
  A leopard gecko (D:1)
  A bat (D:1)
  4 goblins
  3 hobgoblins (D:1)
  2 kobolds
  3 frilled lizards (D:1)
  3 rats (D:1)
17 creatures vanquished.

Notes
Turn   | Place    | Note
-------+----------+-------------------------------------------
     0 | D:1      | arta456 the Human Conjurer began the quest for the Orb.
     0 | D:1      | Reached XP level 1. HP: 13/13 MP: 3/3
   182 | D:1      | Reached XP level 2. HP: 19/19 MP: 1/5
   905 | D:1      | Learned a level 2 spell: Searing Ray
   911 | D:2      | Noticed Robin
  1148 | D:1      | Slain by a hobgoblin

Illustrated notes

Levels and vault maps discovered:
D:1:      scummos_arrival_star, layout_basic
D:2:      layout_rooms, grunt_dithmenos_smoke_and_mirrors, lemuel_crystal_altar,
          hex_medium, uniq_robin, uniq_sigmund, uniq_natasha

Action                   || total
-------------------------++-------
Melee: Unarmed           ||     1
       Dagger            ||     9
 Cast: Magic Dart        ||    29
  Use: Scroll            ||     3
       Potion            ||     3
Armor: Robe              ||     6
Dodge: Dodged            ||    22
